 Dungeon Crawl Stone Soup version 0.25.1-2-g60ff931df9 (webtiles) character file.

Game seed: 15859600843063369724

98 Cinatic the Magician (level 4, -7/24 HPs)
             Began as a Deep Elf Wizard on Oct 19, 2020.
             Was an Initiate of Ru.
             Killed from afar by an orc wizard (9 damage)
             ... with a magic dart
             ... on level 3 of the Dungeon.
             The game lasted 00:16:01 (2836 turns).

Cinatic the Magician (Deep Elf Wizard)              Turns: 2836, Time: 00:16:02

Health: -7/24      AC:  2    Str:  4    XL:     4   Next: 44%
Magic:  0/14       EV: 13    Int: 24    God:    Ru [......]
Gold:   124        SH:  0    Dex: 13    Spells: 8/15 levels left

rFire    . . .     SeeInvis .   c - +0 short sword
rCold    . . .     Gourm    .   (no shield)
rNeg     . . .     Faith    .   a - +0 robe
rPois    .         Spirit   .   b - +0 hat
rElec    .         Reflect  .   (no cloak)
rCorr    .         Harm     .   (no gloves)
MR       .....                  (no boots)
Stlth    ++........             (no amulet)
HPRegen  0.08/turn              (no ring)
MPRegen  0.14/turn              (no ring)

@: no status effects
A: no striking features
a: Renounce Religion


You were on level 3 of the Dungeon.
You worshipped Ru.
Ru was noncommittal.
You were not hungry.

You visited 1 branch of the dungeon, and saw 3 of its levels.

You collected 124 gold pieces.

Inventory:

Hand Weapons
 c - a +0 short sword (weapon)
Armour
 a - a +0 robe (worn)
 b - a +0 hat (worn)
 f - a +0 ring mail
 i - a +0 scale mail
Scrolls
 h - a scroll of remove curse
 l - a scroll of fear {unknown}
Potions
 e - a potion of degeneration
 g - a potion of might {unknown}
 j - 3 potions of lignification
 m - a potion of brilliance {unknown}
 n - a potion of flight {unknown}
Comestibles
 d - 2 rations
 k - 2 chunks of flesh


   Skills:
 + Level 0.2 Short Blades
 + Level 2.4 Dodging
 + Level 3.3 Stealth
 + Level 6.2 Spellcasting
 + Level 1.7 Conjurations
 * Level 1.4 Hexes
 + Level 1.2 Summonings
 + Level 1.1 Translocations


You had 8 spell levels left.
You knew the following spells:

 Your Spells              Type           Power        Failure   Level  Hunger
a - Magic Dart            Conj           ###.         3%          1    None
b - Blink                 Tloc           N/A          8%          2    None
c - Call Imp              Summ           ##......     7%          2    None
d - Slow                  Hex            ##......     7%          2    None

Your spell library contained the following spells:

 Spells                   Type           Power        Failure   Level  Hunger
 Conjure Flame            Conj/Fire      ##......     17%         3    None
 Mephitic Cloud           Conj/Pois/Air  ##......     19%         3    None


Dungeon Overview and Level Annotations

Branches:
Dungeon (3/15)

Altars:
Ru
Wu Jian


Message History

* * * LOW HITPOINT WARNING * * *
Casting: Magic Dart (safe; 3% risk of failure)
Confirm with . or Enter, or press ? or * to list all spells.
You blink.
The orc wizard casts a spell.
The orc wizard blinks!
Casting: Blink (safe; 8% risk of failure)
Confirm with . or Enter, or press ? or * to list all spells.
You don't have enough magic to cast that spell.
The orc wizard points at you and mumbles some strange words.
The magic dart hits you.
* * * LOW HITPOINT WARNING * * *
The orc wizard barely misses you.
The orc wizard is no longer moving quickly.
Casting: Blink (safe; 8% risk of failure)
Confirm with . or Enter, or press ? or * to list all spells.
You blink.
The orc wizard points at you and mumbles some strange words.
The magic dart hits you!
You die...

... #.# ... #..... #.. #.# .
...#. #..## ..... ###..#.#####
#...# .#.#..
...........#########.#.# ......
........... ............. ......
.... .....# #............ ##....
###.####...# #............ #
##.##.....##.@.# #............
......#.......#...# #...........#
##. #.#.......#...# #...........#
#....._.......# #...........#
##.#.......#ยง..# #...........+
#..#.......#o### #...........#
##+#..##.....##.###++...........#
......####.####.................#
..............................5.#


You could see an orc wizard.

Vanquished Creatures
  A hound (D:3)
  2 adders
  A worm (D:3)
  3 leopard geckos
  A ball python (D:1)
  7 goblins
  A hobgoblin (D:1)
  2 jackals (D:3)
  8 kobolds
  A quokka (D:2)
  8 bats
  2 frilled lizards
  9 rats
46 creatures vanquished.

Vanquished Creatures (collateral kills)
  An adder (D:2)
  A worm (D:2)
  An orc (D:3)
  A hobgoblin (D:1)
  A quokka (D:2)
  A frilled lizard (D:3)
6 creatures vanquished.

Grand Total: 52 creatures vanquished

Notes
Turn   | Place    | Note
-------+----------+-------------------------------------------
     0 | D:1      | Cinatic the Deep Elf Wizard began the quest for the Orb.
     0 | D:1      | Reached XP level 1. HP: 10/10 MP: 7/7
   267 | D:1      | Reached skill level 5 in Spellcasting
   269 | D:1      | Reached XP level 2. HP: 15/15 MP: 3/10
   330 | D:1      | Learned a level 2 spell: Blink
   333 | D:1      | Learned a level 2 spell: Call Imp
   336 | D:1      | Learned a level 2 spell: Slow
  1670 | D:2      | Found a sacrificial altar of Ru.
  1671 | D:2      | Reached XP level 3. HP: 19/19 MP: 12/12
  1730 | D:2      | Became a worshipper of Ru the Awakened
  2323 | D:3      | Found an ornate altar of the Wu Jian Council.
  2385 | D:3      | Reached skill level 6 in Spellcasting
  2385 | D:3      | Reached skill level 1 in Hexes
  2385 | D:3      | Reached XP level 4. HP: 24/24 MP: 8/14
  2829 | D:3      | HP: 1/24 [orc wizard/magic dart (5)]
  2836 | D:3      | Killed from afar by an orc wizard

Illustrated notes

Levels and vault maps discovered:
D:1:      lemuel_arrival_lava_pool, layout_loops_ring, minmay_tetromino_t2
D:2:      layout_loops_ring, nicolae_ru_awakened_eye
D:3:      layout_basic, old_standard_altar, serial_glass, glass_columns_c,
          glass_columns_c, minmay_strange_pillars, due_unseen_surprise,
          feat_on_display

Skill      XL: |  1  2  3 |
---------------+----------+-----
Spellcasting   | 5 6 |  6.2
Stealth        | 3 |  3.3
Hexes          | 1 |  1.4
Short Blades   | |  0.2
Dodging        | |  2.4
Conjurations   | |  1.7
Summonings     | |  1.2
Translocations | |  1.1

Action                   |  1- 3 |  4- 6 || total
-------------------------+-------+-------++-------
Melee: Short sword       |    10 |     5 ||    15
 Cast: Magic Dart        |    86 |    27 ||   113
       Slow              |    14 |     4 ||    18
       Call Imp          |     7 |     5 ||    12
       Blink             |       |     3 ||     3
  Use: Potion            |     1 |       ||     1
       Scroll            |     1 |     2 ||     3
 Stab: Sleeping          |     3 |     1 ||     4
       Distracted        |       |     1 ||     1
  Eat: Chunk             |     4 |     2 ||     6
Armor: Robe              |     3 |     2 ||     5
Dodge: Dodged            |    30 |     8 ||    38
